 Dungeon Crawl Stone Soup version 0.27-a0-705-ga0013940fb (webtiles) character file.

Game seed: 14992267828289129313

9080 inc the Blinker (level 11, 11/50 HPs)
             Began as a Felid Chaos Knight on Mar 21, 2021.
             Was a Plaything of Xom.
             Quit the game on level 3 of the Lair of Beasts on Mar 22, 2021.
             The game lasted 01:00:18 (16540 turns).

inc the Blinker (Felid Chaos Knight)               Turns: 16540, Time: 01:00:18

Health: 11/50      AC:  4    Str:  0 (8)  XL:     11   Next: 18%
Magic:  14/22      EV: 20    Int: 10 (17) God:    Xom [*.....]
Gold:   1883       SH:  0    Dex: 11 (16) Spells: 11/24 levels left
                                        Lives:  0   Deaths: 3

rFire    . . .     SeeInvis +     - Unarmed
rCold    . . .     Faith    .   (shield unavailable)
rNeg     . . .     Spirit   .   (armour unavailable)
rPois    .         Reflect  .   (helmet unavailable)
rElec    .         Harm     .   (cloak unavailable)
rCorr    .         Rampage  .   (gloves unavailable)
Will     +++..                  (boots unavailable)
Stlth    ++++......             e - amulet of regeneration
HPRegen  0.54/turn              x - +4 ring of slaying
MPRegen  0.18/turn              A - ring of willpower

@: slowed, lost strength, slow
A: very small, claws 1, fangs 3, see invisible, speed 1, shaggy fur 2, stealthy
paws, no weapons or thrown items, no armour, multi-lived, yellow scales 1,
deterioration 1, strong-willed 1, regeneration 1, screaming 1
a: Renounce Religion


You were on level 3 of the Lair of Beasts.
You worshipped Xom.
You were a special plaything of Xom.
You visited 2 branches of the dungeon, and saw 16 of its levels.
You also visited: Sewer and Ice Cave.

You collected 1883 gold pieces.

Inventory:

Jewellery
 e - an amulet of regeneration (around neck)
 h - a +6 ring of dexterity
 l - the ring of Departure {rPois rC+ MP+9 Str-4 Int+3}
   (Xom gifted it to you on level 1 of the Lair of Beasts)

   [ring of magical power]

   It affects your strength (-4).
   It affects your intelligence (+3).
   It protects you from cold.
   It protects you from poison.
   It affects your magic capacity (+9).
 m - a +4 ring of evasion
 x - a +4 ring of slaying (right paw)
 y - a ring of protection from fire
 z - a ring of resist corrosion
 A - a ring of willpower (left paw)
 C - an amulet of reflection
 D - an amulet of magic regeneration
 G - a ring of protection from cold
 I - an amulet of guardian spirit
 K - a ring of magical power
Wands
 o - a wand of random effects (31)
 r - a wand of acid (17)
 u - a wand of flame (11)
 w - a wand of iceblast (11)
 H - a wand of digging (7)
Scrolls
 b - 2 scrolls of amnesia
 f - 5 scrolls of teleportation
 n - 2 scrolls of fear
 q - 2 scrolls of blinking
 s - 2 scrolls of fog
 v - 2 scrolls of holy word
 F - a scroll of enchant armour
 J - a scroll of identify
Potions
 a - 3 potions of degeneration
 d - 2 potions of attraction
 g - 2 potions of haste
 i - 3 potions of lignification
 j - 5 potions of cancellation
 k - 2 potions of berserk rage
 p - 3 potions of flight
 t - 5 potions of might
 E - 6 potions of ambrosia
 L - a potion of brilliance {unknown}
Miscellaneous
 c - a phial of floods
 B - a lightning rod (2/4)


   Skills:
 - Level 7.2 Fighting
 - Level 9.1 Dodging
 - Level 7.6 Stealth
 + Level 7.1 Unarmed Combat
 - Level 7.1 Spellcasting
 - Level 8.4 Conjurations
 - Level 15.2 Translocations
 - Level 2.8 Air Magic
 - Level 2.9 Poison Magic
 - Level 4.8 Evocations


You had 11 spell levels left.
You knew the following spells:

 Your Spells              Type           Power      Damage    Failure   Level
a - Magic Dart            Conj           80%        1d7       1%          1
b - Mephitic Cloud        Conj/Pois/Air  13%        N/A       8%          3
c - Teleport Other        Tloc           33%        N/A       1%          3
d - Dispersal             Tloc           16%        N/A       5%          6

Your spell library contained the following spells:

 Spells                   Type           Power      Damage    Failure   Level
 Apportation              Tloc           66%        N/A       1%          1
 Shock                    Conj/Air       56%        1d6       1%          1
 Blink                    Tloc           N/A        N/A       1%          2
 Gell's Gravitas          Tloc           16%        N/A       1%          3
 Static Discharge         Conj/Air       14%        N/A       5%          3
 Swiftness                Air            9%         N/A       9%          2
 Conjure Flame            Conj/Fire      11%        6-21      10%         3
 Animate Skeleton         Necr           6%         N/A       19%         1
 Beastly Appendage        Tmut           6%         N/A       19%         1
 Corona                   Hex            3%         N/A       19%         1
 Pain                     Necr           12%        1d4       19%         1
 Summon Small Mammal      Summ           12%        N/A       19%         1
 Call Imp                 Summ           3%         N/A       28%         2
 Slow                     Hex            3%         N/A       28%         2
 Wereblood                Tmut           3%         N/A       28%         2
 Spider Form              Tmut/Pois      3%         N/A       30%         3
 Lightning Bolt           Conj/Air       7%         1d19      45%         5
 Confusing Touch          Hex            3%         N/A       50%         3
 Vampiric Draining        Necr           1%         2d6       50%         3
 Airstrike                Air            4%         N/A       50%         4
 Animate Dead             Necr           1%         N/A       88%         4
 Ice Form                 Ice/Tmut       3%         N/A       88%         4
 Petrify                  Tmut/Erth      3%         N/A       88%         4
 Agony                    Necr           3%         N/A       99%         5
 Blade Hands              Tmut           1%         N/A       99%         5
 Borgnjor's Vile Clutch   Necr/Erth      1%         N/A       99%         5
 Metabolic Englaciation   Hex/Ice        1%         N/A       99%         5
 Yara's Violent Unravell  Hex/Tmut       1%         3d3       99%         5
 Simulacrum               Ice/Necr       1%         N/A       100%        6
 Malign Gateway           Summ/Tloc      9%         N/A       100%        7


Dungeon Overview and Level Annotations

Branches:
Dungeon (11/15)            Temple (0/1) D:5            Lair (5/6) D:11
 Shoals (0/4) Lair:2        Snake (0/4) Lair:3        Slime (0/5) Lair:5
  Sewer (visited)           IceCv (visited)
    Orc: D:9-12

Altars:
Dithmenos
Makhleb
Okawaru
Uskayaw
Vehumet
Xom
The Shining One
Beogh

Shops:
D:5 (   D:8 [

Portals:
Trove: D:11 (give 8 potions of haste)

Annotations:
D:4 3 runed translucent doors, bmj180's ghost, weakling DrCj
Lair:1 3 runed translucent doors, stringoo's ghost, novice OpFi
Lair:3 1 runed translucent door, Cimewiq's ghost, journeyman DECj; Fannar


Innate Abilities, Weirdness & Mutations

You have sharp claws.
You have razor-sharp teeth.
You have supernaturally acute eyesight. (SInv)
You cover ground quickly. (Speed+)
You are covered in thick fur. (AC +2)
Your stealthy paws help you sneak and pounce on unaware monsters.
You are incapable of wielding weapons or throwing items.
You cannot wear armour.
You gain extra lives every three experience levels.
You are partially covered in yellow scales. (AC +2)
Your body sometimes deteriorates upon taking damage.
You are strong-willed. (Will+)
Your natural rate of healing is unusually fast.
You occasionally shout uncontrollably at your foes.


Message History

The black mamba barely misses you.
The wyvern closely misses your butterfly.
The black mamba barely misses you.
Fannar barely misses the water moccasin.
Unknown command.
You scratch Fannar.
Fannar is heavily wounded.
The wyvern barely misses your butterfly.
The water moccasin bites you. The black mamba bites you!!
Unknown command.
You swap places.
The black mamba completely misses your butterfly.
The water moccasin completely misses your butterfly.
Fannar looks very confused.
Fannar hits the water moccasin with a +0 morningstar!
The wyvern completely misses your butterfly.
The komodo dragon closely misses your butterfly.
The black mamba bites your butterfly!!
Your butterfly dies!
You claw Fannar! You bite Fannar, but do no damage.
Fannar is severely wounded.
Fannar misses you.
Unknown command.
Fannar completely misses your butterfly.
Unknown command.
Fannar seems less confused.
The wyvern completely misses your butterfly.
The black mamba bites you!
Your body deteriorates!
You feel weakened.
You have lost your strength.
The wyvern completely misses your butterfly.
Fannar barely misses your butterfly. The black mamba bites you.
* * * LOW HITPOINT WARNING * * *
"First here, now there."
You swap places with the fungus.
Some monsters swap places.
Your magical contamination has completely faded away.
You can move again.
Unknown command.
Unknown command.
Unknown command.
Are you sure you want to abandon this character and quit the game? (Confirm with "yes".)

#......##.###......!
#.............#.....
#...................
#.......#>.$.......#
##......P#..##..#...#
#......#######.....##
##....## ##....#.#
#....# #....## #
#.#@.# ###.###
####.## ##b..#
##..###ebb.#
##..###lSl.##
#..#l.b.#.##
#...S#..### ####.####
##.# ###


You could see a water moccasin and a wyvern.

Vanquished Creatures
  Erolcha (D:9)
  Sonja (Lair:1)
  Pikel (D:4)
  A cyclops (D:11)
  3 ugly things
  2 manticores
  2 oklob plants
  3 elephants (Lair:4)
  3 cane toads
  4 komodo dragons
  3 rime drakes
  A guardian mummy (D:11)
  A queen bee (Lair:2)
  A wind drake (Lair:2)
  A hornet (D:10)
  A shadow (D:11)
  A vampire (D:10)
  A wyvern (shapeshifter) (D:10)
  5 wyverns
  10 yaks
  Eustachio (D:4)
  3 basilisks (D:11)
  A soldier ant (D:10)
  13 water moccasins
  A floating eye (D:11)
  21 ice beasts
  An orc warrior (D:8)
  2 sky beasts
  2 black bears (D:11)
  9 centaurs
  3 ogres
  10 wolves
  4 phantoms
  12 bullfrogs
  A wyvern skeleton (D:8)
  A scorpion (D:11)
  17 killer bees (Lair:2)
  A howler monkey (D:5)
  2 bullfrog zombies
  7 hounds
  2 jellies (D:10)
  2 orc priests
  3 bullfrog skeletons
  Jessica (D:3)
  Terence (D:3)
  5 orc wizards
  An iguana (D:4)
  4 worker ants
  A worker ant zombie (D:3)
  Robin (D:3)
  2 howler monkey skeletons
  19 adders
  3 gnolls (D:4)
  4 river rats (D:5)
  4 white imps
  An ufetubus (D:3)
  2 oozes
  2 adder zombies
  An adder skeleton (D:5)
  5 worms
  34 orcs
  4 removed leopard geckos
  6 giant cockroaches
  11 hobgoblins
  4 jackals
  3 quokkas
  A ball python (D:2)
  12 bats
  A frilled lizard (D:3)
  13 goblins
  5 kobolds
  14 rats
  A removed leopard gecko zombie (D:5)
331 creatures vanquished.

Vanquished Creatures (collateral kills)
  3 dream sheep (Lair:4)
  An ice beast (D:6)
  A sky beast (D:2)
  2 ogres (D:11)
  A centaur (D:6)
  A worker ant zombie (D:6)
  An adder (Lair:3)
10 creatures vanquished.

Vanquished Creatures (others)
  3 dream sheep (Lair:4)
  3 wolves (Lair:2)
  2 killer bees (Lair:2)
  30 fungi
  72 plants
110 creatures vanquished.

Grand Total: 451 creatures vanquished

Notes
Turn   | Place    | Note
-------+----------+-------------------------------------------
     0 | D:1      | inc the Felid Chaos Knight began the quest for the Orb.
     0 | D:1      | Reached XP level 1. HP: 10/10 MP: 2/2
    64 | D:1      | XOM: silly message
   177 | D:1      | XOM: divination: magic mapping
   310 | D:1      | XOM: god gift: 17 stones
   594 | D:1      | XOM: god gift: phial of floods
   634 | D:1      | Reached XP level 2. HP: 10/14 MP: 3/3
   671 | D:1      | XOM: god gift: papyrus book {god gift}
   969 | D:2      | XOM: give mutations
   969 | D:2      | Gained mutation: You are robust. (+10% HP) [Xom's grace]
   969 | D:2      | Gained mutation: Your natural rate of healing is unusually
                  | fast. [Xom's grace]
  1074 | D:2      | XOM is BORED!
  1074 | D:2      | XOM: summons 2 hostile demons
  1269 | D:2      | XOM: butterfly on damage
  1271 | D:2      | Reached XP level 3. HP: 13/18 MP: 4/4
  1280 | D:2      | Learned a level 1 spell: Magic Dart
  1397 | D:2      | Noticed a sky beast
  1404 | D:2      | XOM: summons 4 hostile shadow creatures
  1472 | D:2      | Reached skill level 1 in Conjurations
  1910 | D:2      | Reached XP level 4. HP: 21/23 MP: 3/5
  2204 | D:2      | XOM: butterfly on damage
  2215 | D:2      | XOM: summons 3 friendly demons
  2218 | D:2      | Killed a sky beast
  2219 | D:2      | Reached XP level 5. HP: 26/26 MP: 1/6
  2437 | D:3      | XOM: 2-stop teleportation journey
  2459 | D:3      | Noticed Jessica
  2462 | D:3      | Killed Jessica
  2673 | D:3      | XOM: give mutations
  2673 | D:3      | Gained mutation: Your body sometimes deteriorates upon
                  | taking damage. [Xom's mischief]
  2673 | D:3      | Gained mutation: You are partially covered in yellow
                  | scales. (AC +2) [Xom's mischief]
  2843 | D:3      | XOM: 9-stop teleportation journey
  2893 | D:3      | Noticed Terence
  2933 | D:3      | XOM: noise
  3058 | D:3      | XOM: potion effect (magic)
  3066 | D:3      | XOM: noise
  3094 | D:3      | XOM: silly message
  3360 | D:3      | XOM: silly message
  3364 | D:3      | Gained mutation: You are covered in thick fur. (AC +2)
                  | [Felid growth]
  3364 | D:3      | Reached XP level 6. HP: 28/30 MP: 4/7
  3504 | D:3      | XOM: divination: detect items
  3522 | D:3      | XOM: silly message
  3737 | D:3      | XOM: potion effect (berserk rage)
  3747 | D:3      | Killed Terence
  3748 | D:3      | Reached skill level 5 in Conjurations
  4014 | D:4      | XOM: potion effect (curing)
  4210 | D:4      | Noticed Robin
  4236 | D:3      | Killed Robin
  4326 | D:3      | XOM is BORED!
  4326 | D:3      | XOM: noise
  4375 | D:4      | XOM: potion effect (magic)
  4387 | D:4      | XOM: divination: detect creatures
  4426 | D:4      | Found a burning altar of Makhleb.
  4462 | D:4      | Noticed Pikel
  4465 | D:4      | XOM: potion effect (experience)
  4465 | D:4      | Reached XP level 7. HP: 37/37 MP: 7/15
  4467 | D:4      | XOM: potion effect (curing)
  4487 | D:4      | XOM: silly message
  4493 | D:3      | Learned a level 3 spell: Mephitic Cloud
  4564 | D:4      | XOM: silly message
  4682 | D:4      | XOM: silly message
  4775 | D:4      | XOM: noise
  4798 | D:4      | XOM: noise
  5037 | D:4      | XOM is BORED!
  5101 | D:4      | Noticed Eustachio
  5110 | D:4      | Killed Eustachio
  5111 | D:4      | Reached skill level 1 in Air Magic
  5111 | D:4      | Reached skill level 1 in Poison Magic
  5111 | D:4      | Reached XP level 8. HP: 37/41 MP: 13/16
  5158 | D:4      | Identified Xom's Catalogue of the Aged Scars (Xom gifted it
                  | to you on level 4 of the Dungeon)
  5158 | D:4      | XOM: god gift: Xom's Catalogue of the Aged Scars
  5203 | D:4      | XOM: god gift: scroll labelled LEIPUIJ ROGH {god gift}
  5253 | D:4      | XOM: confuse monster(s)
  5266 | D:4      | Killed Pikel
  5354 | D:4      | Identified the +7 chain mail "Kuyf" {Rampage rElec rF-
                  | Regen+}
  5355 | D:4      | Found a runed translucent gate.
  5357 | D:4      | Found a runed translucent gate.
  5358 | D:4      | Found a runed translucent gate.
  5360 | D:4      | Noticed bmj180's ghost (weakling DrCj)
  5362 | D:4      | Identified the +9 plate armour of the Countless Ships {rC+}
  5581 | D:4      | XOM: noise
  5626 | D:5      | Entered Level 5 of the Dungeon
  5784 | D:5      | Found a shimmering altar of Xom.
  5785 | D:5      | XOM: summons 5 hostile demons
  5847 | D:5      | Found an iron altar of Okawaru.
  5856 | D:5      | XOM: silly message
  5873 | D:5      | XOM: blink monster(s)
  6069 | D:5      | Found a staircase to the Ecumenical Temple.
  6217 | D:5      | Found a glowing drain.
  6230 | Sewer    | Entered a sewer
  6308 | Sewer    | Reached XP level 9. HP: 40/45 MP: 12/17
  6480 | D:5      | Found Vuowiweh's Weapon Shop.
  6538 | D:5      | Found a hide-covered altar of Uskayaw.
  6538 | D:5      | Found a shadowy altar of Dithmenos.
  6575 | D:5      | XOM: summons friendly iron imp
  6608 | D:5      | XOM: divination: magic mapping
  6618 | D:5      | XOM: enchant monster (bad)
  6619 | D:5      | XOM: silly message
  6780 | D:5      | Reached skill level 5 in Spellcasting
  6884 | D:5      | XOM: chaos cloud
  6932 | D:5      | XOM: summons 5 hostile demons
  7006 | D:6      | XOM: swap monsters
  7030 | D:6      | XOM: cast spell 'Monstrous Menagerie'
  7114 | D:6      | Identified the Compendium of Black Arts
  7194 | D:6      | XOM: 1-stop teleportation journey
  7255 | D:6      | XOM: summons 2 hostile shadow creatures
  7724 | D:7      | Found a radiant altar of Vehumet.
  7910 | D:7      | XOM: stat loss: -1 Int (7/16)
  7982 | D:7      | XOM: fake destruction
  8273 | D:8      | Found Jiq Rutz's Antique Armour Emporium.
  8298 | D:8      | Found a glowing golden altar of the Shining One.
  8380 | D:8      | XOM: fake destruction
  8388 | D:8      | XOM: confusion
  8392 | D:8      | Xom revived you
  8541 | D:8      | XOM: give mutation
  8541 | D:8      | Gained mutation: You are weak. (Str -2) [Xom's mischief]
  8703 | D:8      | XOM: noise
  8743 | D:8      | XOM: chaos cloud
  8924 | D:8      | XOM: give mutations
  8924 | D:8      | Gained mutation: You are very weak. (Str -4) [Xom's
                  | mischief]
  9298 | D:9      | Noticed Erolcha
  9332 | D:9      | Killed Erolcha
  9333 | D:9      | Reached XP level 10. HP: 51/51 MP: 10/21
  9362 | D:9      | XOM: noise
  9482 | D:9      | XOM is BORED!
  9552 | D:9      | XOM: swap monsters
  9558 | D:9      | XOM: summons 6 hostile demons
  9559 | D:9      | Noticed a sun demon
  9559 | D:9      | Noticed a rust devil
  9561 | D:9      | XOM: enchant monster (bad)
  9565 | D:9      | XOM: blink monster(s)
  9568 | D:9      | XOM: blink monster(s)
  9772 | D:9      | XOM: give mutations
  9772 | D:9      | Lost mutation: Your body sometimes deteriorates upon taking
                  | damage. [Xom's mischief]
 10053 | D:10     | Entered Level 10 of the Dungeon
 10150 | D:10     | Identified the +1 ring mail of Voocur {rN+ Dex+3 Stlth+}
 10175 | D:10     | Reached skill level 1 in Evocations
 10183 | D:10     | XOM: swap monsters
 10298 | D:10     | XOM: stat loss: -1 Dex (8/16)
 10357 | D:10     | XOM: give mutations
 10357 | D:10     | Gained mutation: You occasionally shout uncontrollably at
                  | your foes. [Xom's mischief]
 10357 | D:10     | Lost mutation: You are robust. (+10% HP) [Xom's mischief]
 10357 | D:10     | Lost mutation: You are very weak. (Str -4) [Xom's mischief]
 10357 | D:10     | Lost mutation: You are weak. (Str -2) [Xom's mischief]
 10369 | D:10     | XOM: cast spell 'Necromutation'
 10370 | D:10     | XOM: fog
 10374 | D:10     | Noticed a glowing shapeshifter
 10374 | D:10     | a centaur changed into a glowing shapeshifter
 10374 | D:10     | XOM: polymorph centaur -> glowing shapeshifter
 10374 | D:10     | Noticed a water nymph
 10374 | D:10     | a glowing shapeshifter changed into a water nymph
 10375 | D:10     | Noticed a torpor snail
 10375 | D:10     | a water nymph changed into a torpor snail
 10389 | D:10     | a torpor snail changed into a raiju
 10404 | D:10     | XOM: smoke on damage
 10769 | D:10     | Found a burning altar of Makhleb.
 10769 | D:10     | Noticed a green death
 10864 | D:10     | XOM: stat loss: -1 Int (7/17)
 10957 | D:11     | XOM: give mutation
 10957 | D:11     | Gained mutation: You are clumsy. (Dex -2) [Xom's mischief]
 10962 | D:11     | Noticed a manticore
 11001 | D:11     | XOM: summons 4 hostile shadow creatures
 11004 | D:11     | XOM: swap monsters
 11028 | D:11     | a manticore changed into a floating eye
 11028 | D:11     | XOM: polymorph manticore -> floating eye
 11058 | D:11     | Noticed a cyclops
 11061 | D:11     | XOM: potion effect (curing)
 11092 | D:11     | Noticed a white ugly thing
 11093 | D:11     | XOM: confusion (+ monsters)
 11095 | D:11     | XOM: enchant monster (good)
 11165 | D:10     | XOM: confuse monster(s)
 11214 | D:10     | Learned a level 3 spell: Teleport Other
 11233 | D:11     | XOM: polymorph white ugly thing -> red ugly thing
 11246 | D:11     | XOM: summons 1 hostile shadow creature
 11247 | D:11     | Noticed an unseen horror
 11247 | D:11     | XOM: butterfly on damage
 11274 | D:10     | XOM: butterfly on damage
 11275 | D:10     | Slain by a red ugly thing
 11276 | D:10     | Reached XP level 9. HP: -3/43 MP: 18/20
 11323 | D:10     | XOM: polymorph red ugly thing -> brown ugly thing
 11327 | D:10     | Killed a brown ugly thing
 11328 | D:10     | Reached skill level 2 in Translocations
 11328 | D:10     | Reached XP level 10. HP: 47/47 MP: 18/21
 11356 | D:11     | Killed a cyclops
 11357 | D:11     | Reached skill level 4 in Translocations
 11426 | D:11     | Noticed a six-headed hydra
 11435 | D:11     | XOM: confusion
 11450 | D:11     | XOM: 7-stop teleportation journey
 11526 | D:11     | Noticed a manticore
 11538 | D:11     | XOM: 5-stop teleportation journey
 11550 | D:11     | Reached skill level 5 in Translocations
 11593 | D:11     | Slain by a manticore
 11594 | D:11     | Reached XP level 9. HP: -4/43 MP: 20/20
 11612 | D:11     | XOM: confuse monster(s)
 11618 | D:11     | Found a staircase to the Lair.
 11624 | D:11     | XOM: cleaving
 11634 | D:11     | Reached skill level 6 in Translocations
 11647 | D:11     | XOM: potion effect (magic)
 11697 | D:11     | Reached skill level 7 in Translocations
 11725 | D:11     | Noticed a cyan ugly thing
 11747 | D:11     | Killed a cyan ugly thing
 11753 | D:11     | Reached skill level 8 in Translocations
 11765 | D:11     | XOM: enchant monster (bad)
 11878 | D:11     | Noticed a brown ugly thing
 11892 | D:11     | XOM: destruction
 11896 | D:11     | Killed a brown ugly thing
 11897 | D:11     | Reached XP level 10. HP: 7/47 MP: 16/21
 11989 | D:11     | XOM: summons friendly chaos spawn
 12001 | D:11     | Reached skill level 9 in Translocations
 12110 | D:11     | Found a portal to a secret trove of treasure.
 12195 | D:11     | XOM: cast spell 'Call Canine Familiar'
 12198 | D:11     | Killed a manticore
 12317 | D:11     | XOM: god gift: scale mail {god gift}
 12373 | D:11     | XOM: swap monsters
 12420 | Lair:1   | Entered Level 1 of the Lair of Beasts
 12479 | Lair:1   | Reached skill level 10 in Translocations
 12536 | Lair:1   | XOM: confusion
 12682 | Lair:1   | Found a runed translucent gate.
 12683 | Lair:1   | Noticed a cane toad
 12684 | Lair:1   | Found a runed translucent gate.
 12685 | Lair:1   | Found a runed translucent gate.
 12686 | Lair:1   | Noticed stringoo's ghost (novice OpFi)
 12687 | Lair:1   | Noticed a black mamba
 12703 | Lair:1   | Noticed an oklob plant
 12718 | Lair:1   | Noticed a six-headed hydra
 12723 | Lair:1   | XOM: confusion (+ monsters)
 12794 | Lair:1   | Killed an oklob plant
 12795 | Lair:1   | Reached skill level 11 in Translocations
 12837 | Lair:1   | Noticed Sonja
 12839 | Lair:1   | Killed Sonja
 12860 | Lair:1   | XOM: give mutations
 12860 | Lair:1   | Gained mutation: Your mind is acute. (Int +2) [Xom's
                  | mischief]
 12860 | Lair:1   | Lost mutation: Your mind is acute. (Int +2) [Xom's
                  | mischief]
 12860 | Lair:1   | Lost mutation: You are clumsy. (Dex -2) [Xom's mischief]
 12860 | Lair:1   | Gained mutation: Your body sometimes deteriorates upon
                  | taking damage. [Xom's mischief]
 12997 | Lair:1   | XOM: summons 1 hostile demon
 13038 | Lair:1   | XOM: summons 2 friendly demons
 13128 | Lair:1   | XOM: god gift: steaming wooden ring {god gift}
 13128 | Lair:1   | Identified the ring of Departure {rPois rC+ MP+9 Str-4
                  | Int+3} (Xom gifted it to you on level 1 of the Lair of
                  | Beasts)
 13244 | Lair:1   | XOM: 2-stop teleportation journey
 13303 | Lair:2   | Reached skill level 12 in Translocations
 13307 | Lair:2   | XOM: 2-stop teleportation journey
 13374 | Lair:2   | XOM: polymorph komodo dragon -> wind drake
 13380 | Lair:2   | XOM: confuse monster(s)
 13418 | Lair:2   | Found a staircase to the Shoals.
 13449 | Lair:2   | XOM: divine lightning
 13471 | Lair:2   | Reached XP level 11. HP: 50/50 MP: 15/22
 13485 | Lair:2   | XOM: enchant monster (good)
 13500 | Lair:2   | XOM: fake destruction
 13537 | Lair:2   | XOM: 1-stop teleportation journey
 13573 | Lair:2   | Noticed an oklob plant
 13590 | Lair:2   | Killed an oklob plant
 13723 | Lair:2   | Reached skill level 13 in Translocations
 13814 | Lair:2   | Noticed a five-headed hydra
 13817 | Lair:2   | XOM: potion effect (brilliance)
 13940 | Lair:2   | XOM: divination: detect items
 13981 | Lair:2   | XOM: cleaving
 13988 | Lair:2   | XOM: silly message
 13992 | Lair:2   | XOM: potion effect (might)
 14056 | Lair:2   | XOM: silly message
 14074 | Lair:2   | XOM: potion effect (haste)
 14076 | Lair:3   | Found a runed translucent door.
 14121 | Lair:3   | Found a staircase to the Snake Pit.
 14135 | Lair:3   | XOM: noise
 14141 | Lair:3   | Noticed Cimewiq's ghost (journeyman DECj)
 14159 | Lair:2   | XOM: snakes to sticks
 14178 | Lair:2   | XOM: confuse monster(s)
 14182 | Lair:2   | XOM: polymorph water moccasin -> wyvern
 14198 | Lair:2   | XOM: give mutation
 14198 | Lair:2   | Gained mutation: You are strong-willed. (Will+) [Xom's
                  | grace]
 14315 | Lair:2   | XOM: god gift: 418 gold pieces
 14343 | Lair:2   | Reached skill level 14 in Translocations
 14431 | Lair:2   | XOM: god gift: potion of invisibility
 14520 | Lair:2   | XOM: silly message
 14528 | Lair:2   | XOM: stat loss: -1 Str (7/8)
 14576 | Lair:3   | XOM: enchant monster (good)
 14671 | Lair:3   | You fall into a shaft and drop 1 floor!
 14688 | Lair:4   | XOM: polymorph yak -> manticore
 14690 | Lair:4   | XOM: blink monster(s)
 14691 | Lair:4   | Noticed a death yak
 14691 | Lair:4   | Noticed a death yak
 14692 | Lair:4   | Noticed a death yak
 14704 | Lair:4   | XOM: summons 1 hostile demon
 14704 | Lair:4   | XOM: smoke on damage
 14707 | Lair:4   | XOM: noise
 14717 | Lair:4   | XOM: fake destruction
 14778 | Lair:4   | XOM: silly message
 14780 | Lair:4   | XOM: cast spell 'Summon Ice Beast'
 14787 | Lair:4   | XOM: snakes to sticks
 14791 | Lair:4   | XOM: enchant monster (good)
 14794 | Lair:4   | XOM: summons 2 friendly demons
 14823 | Lair:4   | Reached skill level 15 in Translocations
 14823 | Lair:4   | HP: 1/50 [cane toad (24)]
 14826 | Lair:4   | Slain by an elephant
 14827 | Lair:4   | Reached XP level 10. HP: -3/47 MP: 21/21
 14827 | Lair:4   | XOM: cast spell 'Summon Ice Beast'
 14890 | Lair:4   | XOM: divination: magic mapping
 14908 | Lair:4   | XOM: enchant monster (bad)
 14918 | Lair:4   | Learned a level 6 spell: Dispersal
 14946 | Lair:4   | XOM: cleaving
 14969 | Lair:4   | Upgraded the game from 0.27-a0-695-gb4952372f7 to
                  | 0.27-a0-705-ga0013940fb
 14969 | Lair:4   | XOM: god gift: book of Air
 15020 | Lair:4   | XOM: destruction
 15025 | Lair:4   | XOM: summons 7 friendly demons
 15026 | Lair:4   | Reached skill level 5 in Unarmed Combat
 15041 | Lair:4   | XOM: cleaving
 15041 | Lair:4   | Noticed a cane toad
 15068 | Lair:4   | XOM: enchant monster (good)
 15071 | Lair:4   | XOM: potion effect (heal wounds)
 15085 | Lair:4   | XOM: smoke on damage
 15115 | Lair:4   | XOM: summons friendly crimson imp
 15158 | Lair:4   | Found a frozen archway.
 15163 | Lair:4   | You fall into a shaft and drop 1 floor!
 15163 | Lair:5   | XOM: stealth player
 15168 | Lair:5   | Noticed a cane toad
 15185 | Lair:5   | Noticed an elephant
 15187 | Lair:5   | XOM: scenery: create altars
 15215 | Lair:4   | XOM: noise
 15223 | Lair:4   | Noticed a four-headed hydra
 15229 | Lair:4   | XOM: potion effect (berserk rage)
 15235 | Lair:4   | XOM: confusion (+ monsters)
 15236 | Lair:4   | XOM: divination: detect items
 15248 | IceCv    | Entered an ice cave
 15254 | IceCv    | XOM: scenery: summon butterflies
 15401 | IceCv    | Reached XP level 11. HP: 46/50 MP: 22/22
 15474 | IceCv    | XOM: noise
 15492 | IceCv    | XOM: butterfly on damage
 15619 | IceCv    | XOM: noise
 15713 | IceCv    | XOM: divination: detect creatures
 15717 | IceCv    | XOM: summons 6 hostile demons
 15821 | IceCv    | XOM: potion effect (brilliance)
 15877 | IceCv    | XOM: 1-stop teleportation journey
 16003 | IceCv    | XOM: noise
 16006 | IceCv    | XOM: enchant monster (good)
 16028 | IceCv    | XOM: enchant monster (bad)
 16046 | IceCv    | Noticed an ice dragon
 16046 | IceCv    | Noticed an ice dragon
 16248 | IceCv    | XOM: divination: magic mapping
 16265 | IceCv    | XOM: summons 6 friendly demons
 16291 | IceCv    | XOM: god gift: 6 atropa-tipped darts
 16321 | IceCv    | XOM: cleaving
 16350 | Lair:4   | XOM: snakes to sticks
 16370 | Lair:4   | XOM: summons friendly white imp
 16387 | Lair:4   | XOM: potion effect (invisibility)
 16402 | Lair:4   | XOM: polymorph ice beast -> acid dragon
 16406 | Lair:4   | HP: 2/50 [four-headed hydra (7)]
 16406 | Lair:4   | XOM: smoke on damage
 16408 | Lair:4   | XOM: confuse monster(s)
 16436 | Lair:3   | Noticed Fannar
 16526 | Lair:3   | XOM: scenery: summon butterflies
 16537 | Lair:3   | Lost strength.
 16539 | Lair:3   | XOM: swap monsters
 16540 | Lair:3   | Quit the game

Illustrated notes

Levels and vault maps discovered:
D:1:      dpeg_arrival_leaves_temple_mockup, layout_loops_ring
D:2:      layout_loops_corners, st_stairs_14, bh_walls_and_bars
D:3:      cheibrodos_greedy_goblins, layout_loops_corners, uniq_jessica,
          uniq_terence
D:4:      layout_layer_cave, lemuel_round_altar, biasface_ghost_orc_armoury,
          uniq_robin, uniq_eustachio, uniq_pikel
D:5:      layout_gridville, grunt_temple_overflow_open,
          gammafunk_temple_overflow_statue, minmay_temple_entry_trees,
          serial_shops, shop_statue, lightli_sewer_entry_pipes
D:6:      layout_rooms
D:7:      layout_basic, basic_altar
D:8:      layout_cave_pods, lemuel_round_altar, serial_shops,
          kennysheep_mini_moat, enter_bailey_3
D:9:      layout_cave_pools, uniq_erolcha
D:10:     layout_loops_ring, makhleb_altar_promises_db
D:11:     layout_loops_cross, minmay_lair_entry_grove,
          nicolae_trove_entry_path_of_doom, minmay_misc_feat_secret_circle,
          kennysheep_generic_room_7
Lair:1:   layout_cave_pods, gammafunk_ghost_split, minmay_lair_oklob_chamber,
          uniq_sonja
Lair:2:   layout_roguey, minmay_shoals_entry_centaurs, special_room
          [special_room_bee]
Lair:3:   layout_misc_corridors, minmay_snake_entry_six_corridors,
          ebering_ghost_reflecting_pool, uniq_fannar
Lair:4:   layout_long_grid, portal_ice_cave_entry_ice_beasts, grunt_megastairs_4
Lair:5:   layout_concentric_octagons, slime_dummy, serial_bayou_shore_a,
          grunt_megastairs_1

Skill      XL: |  1  2  3  4  5  6  7  8  9 10 11 |
---------------+----------------------------------+-----
Unarmed Combat | 4 5 7 |  7.1
Conjurations   | 2 3 4 7 8 |  8.4
Fighting       | 6 7 |  7.2
Dodging        | 7 9 |  9.1
Stealth        | 7 |  7.6
Spellcasting   | 4 7 |  7.1
Air Magic      | 1 2 |  2.8
Poison Magic   | 1 2 |  2.9
Evocations     | 4 |  4.8
Translocations | 8 12 15 | 15.2

Action                   |  1- 3 |  4- 6 |  7- 9 | 10-12 || total
-------------------------+-------+-------+-------+-------++-------
Melee: Unarmed           |    97 |   177 |   581 |   917 ||  1772
       Bite              |     9 |    15 |    47 |    75 ||   146
       Punch             |     1 |     2 |     7 |    14 ||    24
 Cast: Magic Dart        |    18 |    97 |   101 |    30 ||   246
       Mephitic Cloud    |       |       |    37 |    58 ||    95
       Teleport Other    |       |       |       |    37 ||    37
       Dispersal         |       |       |       |    11 ||    11
Evoke: Lightning rod     |       |       |       |     7 ||     7
       Phial of floods   |       |       |       |     1 ||     1
       Wand              |       |       |       |     5 ||     5
  Use: Scroll            |       |       |     6 |    17 ||    23
       Potion            |       |       |     3 |     8 ||    11
 Stab: Sleeping          |     6 |     4 |    14 |    14 ||    38
       Confused          |       |       |    28 |    50 ||    78
       Distracted        |       |       |     1 |     1 ||     2
       Invisible         |       |       |       |    10 ||    10
       Paralysed         |       |       |       |     2 ||     2
       Petrified         |       |       |       |     2 ||     2
Armor: Skin              |     6 |    16 |    52 |    77 ||   151
Dodge: Dodged            |    70 |   142 |   529 |   991 ||  1732

Table legend: (Time is in decaauts)
 A = Elapsed time spent in this place.
 B = Non-inter-level travel time spent in this place.
 C = Inter-level travel time spent in this place.
 D = Time resting spent in this place.
 E = Time spent auto-exploring this place.
 F = Levels seen in this place.
 G = Mean time per level.
                   A        B        C        D        E       F      G
               +--------+--------+--------+--------+--------+-----+--------+
         Total |  14185 |  13519 |    666 |    810 |   6832 |  18 |  788.1 |
       Dungeon |  10508 |   9867 |    641 |    484 |   5814 |  11 |  955.3 |
          Lair |   2566 |   2542 |     24 |    142 |    879 |   5 |  513.2 |
         Sewer |    142 |    142 |      0 |      0 |    101 |   1 |  142.0 |
      Ice Cave |    967 |    967 |      0 |    183 |     36 |   1 |  967.0 |
               +--------+--------+--------+--------+--------+-----+--------+

Top non-repeatable levels by time:
     D:3: 1517 daAuts
     D:4: 1294 daAuts
     D:2: 1213 daAuts
  Lair:2: 1116 daAuts
    D:11: 1083 daAuts
     D:8: 1065 daAuts
   IceCv: 967 daAuts
     D:5: 966 daAuts
    D:10: 940 daAuts
     D:1: 843 daAuts
  Lair:1: 701 daAuts
     D:9: 665 daAuts
  Lair:4: 532 daAuts
     D:6: 530 daAuts
     D:7: 388 daAuts
